 Dungeon Crawl Stone Soup version 0.30-a0-578-gdee14c521f (webtiles) character file.

Game seed: 11597863976994627820

4580 demibob the Spear-Bearer (level 10, 0/70 HPs)
             Began as a Demonspawn Chaos Knight on Jan 1, 2023.
             Was a Plaything of Xom.
             Slain by a death yak (10 damage)
             ... on level 8 of the Dungeon.
             The game lasted 00:15:00 (7481 turns).

demibob the Spear-Bearer (Demonspawn Chaos Knight)  Turns: 7481, Time: 00:15:02

Health: 0/70       AC: 16    Str: 15    XL:     10   Next: 18%
Magic:  0/10       EV: 11    Int: 18    God:    Xom [..*...]
Gold:   299        SH:  0    Dex: 11    Spells: 3/9 levels left

rFire   . . .      SeeInvis +    a - +7 bardiche "Zowuagof" {vamp, rElec Will- Int+3}
rCold   . . .      Faith    .    (shield currently unavailable)
rNeg    . . .      Spirit   +    s - +0 steam dragon scales
rPois   .          Reflect  .    o - +1 helmet
rElec   +          Harm     .    e - scarf {repulsion}
rCorr   .          Rampage  .    x - +1 pair of gloves
Will    .....      Rage     3%   (no boots)
Stlth   +                        (no amulet)
HPRegen 0.31/turn                W - ring of willpower
MPRegen 0.24/turn                v - ring of see invisible

@: ice-armoured, studying Long Blades, repel missiles, unable to read
A: magic shield, magic regeneration, sharp scales 2, demonic magic 1, demonic
touch 1, berserk 1, clumsy 1, deformed body, wild magic 1, inability to read
after injury 1, MP-powered wands
a: Renounce Religion


You were on level 8 of the Dungeon.
You worshipped Xom.
You were a toy of Xom.
You visited 1 branch of the dungeon, and saw 8 of its levels.

You collected 377 gold pieces.
You spent 78 gold pieces at shops.


Innate Abilities, Weirdness & Mutations

When hurt, damage is shared between your health and your magic reserves.
You regenerate magic rapidly.
You are mostly covered in razor-sharp scales. (AC +2, Slay +2)
Spells you cast may paralyse adjacent enemies.
Your touch may inflict minor irresistible damage on your foes.
You sometimes lose your temper in combat.
You are clumsy. (Dex -2)
Armour fits poorly on your strangely shaped body.
Your spells are a little harder to cast, but a little more powerful.
You occasionally lose the ability to read scrolls when taking damage.
You expend magic power (3 MP) to strengthen your wands.


   Skills:
 - Level 3.0 Fighting
 * Level 12.5 Polearms
 - Level 1.7 Armour
 - Level 0.8 Dodging
 - Level 6.0 Ice Magic


You had 3 spell levels left.
You knew the following spells:

 Your Spells              Type           Power      Damage    Failure   Level
f - Frozen Ramparts       Ice            56%        1d9       9%          3
o - Ozocubu's Armour      Ice            28%        N/A       9%          3

Your spell library contained the following spells:

 Spells                   Type           Power      Damage    Failure   Level
 Kiss of Death            Conj/Necr      0%         2d5       30%         1
 Confusing Touch          Hex            0%         N/A       63%         3
 Gell's Gravitas          Tloc           0%         N/A       63%         3
 Lesser Beckoning         Tloc           0%         N/A       63%         3
 Portal Projectile        Hex/Tloc       0%         N/A       63%         3
 Teleport Other           Tloc           0%         N/A       63%         3
 Tukima's Dance           Hex            0%         N/A       63%         3
 Ice Form                 Ice/Tmut       14%        N/A       63%         4
 Summon Ice Beast         Ice/Summ       14%        N/A       63%         4
 Dispel Undead            Necr           0%         3d6       95%         4
 Blade Hands              Tmut           0%         N/A       100%        5
 Dispersal                Tloc           0%         N/A       100%        6
 Ozocubu's Refrigeration  Ice            14%        4d10      100%        7

Inventory:

Hand Weapons
 a - the +7 bardiche "Zowuagof" (weapon) {vamp, rElec Will- Int+3}
   (You acquired it on level 5 of the Dungeon)

   It occasionally heals its wielder for a portion of the damage dealt when it
   wounds a living foe.
   Int:       It affects your intelligence (+3).
   rElec:     It insulates you from electricity.
   Will:      It decreases your willpower.
 f - a +0 spear of flaming
Missiles
 h - 5 datura-tipped darts (quivered)
 p - 2 throwing nets {=f}
Armour
 e - a scarf of repulsion (worn)
 j - a +2 pair of gloves
 o - a +1 helmet (worn)
 s - +0 steam dragon scales (worn)
 x - a +1 pair of gloves (worn)
Jewellery
 v - a ring of see invisible (right hand)
 F - a ring of fire
 M - a ring of magical power
 N - a ring of positive energy
 P - a ring of poison resistance
 R - a ring of resist corrosion
 W - a ring of willpower (left hand)
Wands
 b - a wand of polymorph (4)
 l - a wand of flame (15)
 n - a wand of charming (5)
 u - a wand of quicksilver (8)
 w - a wand of iceblast (12)
Scrolls
 i - 3 scrolls of teleportation {@r2}
 y - a scroll of brand weapon
 z - a scroll of identify {@r1}
Potions
 d - a potion of invisibility
 g - 2 potions of flight
 k - a potion of brilliance
 m - 4 potions of curing {@q1}
 q - a potion of attraction {unknown}
 r - a potion of lignification {unknown}
 t - a potion of berserk rage {unknown}
Miscellaneous
 c - a piece from Xom's chessboard (15/15)

Dungeon Overview and Level Annotations

Branches:
Dungeon (8/15)             Temple (0/1) D:7
   Lair: D:8-11

Altars:
Gozag
Hepliaklqana
Kikubaaqudgha
Makhleb
Okawaru
Trog
Uskayaw
Vehumet
Xom

Shops:
D:4 ?

Annotations:
D:2 1 runed translucent door, Crazy Yiuf
D:7 2 transporters

..†.#.................# #.......
...†#.......Y........ .......##
....# ..##. #...#.. ###....
...†# ### #....# ### #.... ....#
#..# ..# #.... ....# ###.#
#.###.### ....# ########...#
#......### ....# #........YY#
##......... ..#.#
#........§@#####.......#
###.###........bb§..........#
..............b..#####....###
.................# #....#
.......#######.#.# ##.###
...<...# #.#.# #..## .......#
#.#.#######..### ....#######
#.#............####
..........####.##....######....#


You could see a death yak (ally target) and a friendly death yak (charmed, ally
target).


Message History

You slice the death yak!!
The death yak is severely wounded.
The wall freezes the death yak but does no damage.
The death yak gores you!!
You slash the death yak!
You feel better.
The death yak is severely wounded.
The frozen ramparts melt away.
The death yak gores you but does no damage.
You slash the death yak!
The death yak is almost dead.
The death yak closely misses you. The death yak gores you!
You feel threatened and lose the ability to read scrolls!
* * * LOW HITPOINT WARNING * * *
You barely miss the death yak.
The death yak is almost dead.
You hear Xom's avuncular chuckle.
The death yak is charmed.
You are now a toy of Xom.
The death yak completely misses you.
You slash the death yak!
The death yak is lightly wounded.
The death yak gores you!
* * * LOW HITPOINT WARNING * * *
Xom is interested.
You emit a cloud of colourful smoke!
Your death yak gores the death yak!!
Your icy armour will break if you move.
Continue?
The death yak attacks as you move away! The death yak gores you!
You die...
Xom is highly amused!

Skill      XL: |  1  2  3  4  5  6  7  8  9 |
---------------+----------------------------+-----
Polearms       | 3 4 5 6 7 9 12 | 12.5
Ice Magic      | 2 4 5 6 |  6.0
Fighting       | |  3.0
Armour         | |  1.7
Dodging        | |  0.8

Action                   |  1- 3 |  4- 6 |  7- 9 | 10-12 || total
-------------------------+-------+-------+-------+-------++-------
Melee: Spear             |   125 |   144 |    22 |       ||   291
       Punch             |       |     1 |       |       ||     1
       Bardiche          |       |       |   187 |    36 ||   223
       Touch             |       |       |     4 |       ||     4
Throw: Dart              |       |     1 |       |       ||     1
 Cast: Ozocubu's Armour  |       |       |     3 |     1 ||     4
       Frozen Ramparts   |       |       |       |     1 ||     1
Evoke: Wand              |       |     1 |     1 |       ||     2
  Use: Scroll            |     2 |     5 |     8 |     1 ||    16
       Potion            |       |     5 |     2 |     1 ||     8
 Stab: Sleeping          |     2 |     3 |     2 |       ||     7
       Paralysed         |       |     3 |     1 |       ||     4
       Distracted        |       |     1 |     1 |       ||     2
       Confused          |       |       |     1 |       ||     1
Armor: Leather armour    |    38 |    40 |    41 |       ||   119
       Steam dragon scal |       |       |    50 |    10 ||    60
Dodge: Dodged            |    38 |    38 |   119 |    24 ||   219

Levels and vault maps discovered:
D:1:      wander_arrival_abandoned_jail, layout_loops_corners, corner_web_ring,
          chequers_jeans
D:2:      layout_basic, basic_altar, minmay_quantized, uniq_crazy_yiuf_cottage
D:3:      layout_rooms, lemuel_round_altar, mainiacjoe_overflow_six_doors_small,
          mainiacjoe_overflow_surrounded_room, minmay_misc_feat_chi,
          chequers_serial_rivers_room_b, uniq_robin, uniq_natasha, uniq_terence
D:4:      layout_basic, serial_shops, nicolae_shop_trees
D:5:      layout_loops_ring, lemuel_doored_altar, minmay_manual_mail, uniq_pikel
D:6:      layout_rooms, mainiacjoe_overflow_tiny_flanked,
          nicolae_overflow_squiral
D:7:      gammafunk_cloud_chamber, layout_basic, temple_statues,
          uniq_prince_ribbit1, uniq_menkaure
D:8:      layout_basic, kennysheep_little_box, vehumet_crystals,
          dpeg_lair_monsters, minmay_stone_trees_medium

Notes
Turn   | Place    | Note
-------+----------+-------------------------------------------
     0 | D:1      | demibob the Demonspawn Chaos Knight began the quest for the
                  | Orb.
     0 | D:1      | Reached XP level 1. HP: 18/18 MP: 1/1
   357 | D:1      | Reached skill level 3 in Polearms
   428 | D:1      | Gained mutation: You are partially covered in razor-sharp
                  | scales. (AC +1, Slay +1) [demonic ancestry]
   428 | D:1      | Reached XP level 2. HP: 24/24 MP: 2/2
   944 | D:1      | XOM: noise
   966 | D:2      | Found an opulent altar of Gozag.
   969 | D:2      | XOM: silly message
   972 | D:2      | XOM: cloud trail
  1011 | D:2      | XOM: divination: detect creatures
  1027 | D:2      | XOM: silly message
  1275 | D:2      | Reached XP level 3. HP: 28/29 MP: 3/3
  1454 | D:2      | XOM: god gift: 4 stones
  1490 | D:2      | Found a runed translucent door.
  1491 | D:2      | Noticed Crazy Yiuf
  1616 | D:2      | XOM: cloud trail
  1633 | D:2      | XOM: noise
  1659 | D:2      | XOM: smoke on damage
  1663 | D:2      | Reached skill level 4 in Polearms
  2057 | D:3      | Reached XP level 4. HP: 25/35 MP: 4/4
  2118 | D:3      | Found a burning altar of Makhleb.
  2244 | D:3      | Found a bloodstained altar of Trog.
  2249 | D:3      | Found an ancient bone altar of Kikubaaqudgha.
  2276 | D:3      | Noticed Terence
  2278 | D:3      | Noticed Natasha
  2288 | D:3      | Killed Natasha
  2289 | D:3      | Noticed Natasha
  2289 | D:3      | XOM: enchant monster (good)
  2295 | D:3      | Killed Natasha
  2296 | D:3      | Reached skill level 5 in Polearms
  2304 | D:3      | XOM: 2-stop teleportation journey
  2336 | D:3      | XOM: 3-stop teleportation journey
  2362 | D:3      | XOM: butterfly on damage
  2400 | D:3      | XOM: summons 4 friendly demons
  2402 | D:3      | Reached XP level 5. HP: 35/41 MP: 5/5
  2509 | D:3      | XOM: scenery: summon butterflies
  2532 | D:3      | Noticed Natasha
  2550 | D:3      | XOM: polymorph goblin -> hobgoblin
  2559 | D:3      | Killed Terence
  2561 | D:3      | Killed Natasha
  2738 | D:4      | Reached skill level 6 in Polearms
  2756 | D:4      | XOM: cast spell 'Summon Cactus Giant'
  2761 | D:4      | Gained mutation: Spells you cast may paralyse adjacent
                  | enemies. [demonic ancestry]
  2761 | D:4      | Reached XP level 6. HP: 47/47 MP: 6/6
  2867 | D:4      | Learned a level 3 spell: Ozocubu's Armour
  2945 | D:4      | Found Geintymo's Magic Scroll Shop.
  2951 | D:4      | Bought 2 scrolls of identify for 52 gold pieces
  2951 | D:4      | Bought a scroll of identify for 26 gold pieces
  3050 | D:4      | XOM: silly message
  3097 | D:4      | XOM: summons friendly white imp
  3104 | D:4      | Reached skill level 1 in Ice Magic
  3321 | D:4      | XOM: noise
  3332 | D:4      | Reached skill level 2 in Ice Magic
  3786 | D:5      | Entered Level 5 of the Dungeon
  3817 | D:5      | Gained mutation: Your touch may inflict minor irresistible
                  | damage on your foes. [demonic ancestry]
  3817 | D:5      | Reached XP level 7. HP: 49/52 MP: 7/7
  3825 | D:5      | XOM: 1-stop teleportation journey
  3860 | D:5      | Reached skill level 7 in Polearms
  3869 | D:5      | Identified a scroll of acquirement
  3870 | D:5      | Acquired the +7 bardiche "Zowuagof" {vamp, rElec Will-
                  | Int+3}
  3969 | D:5      | Noticed Pikel
  3971 | D:5      | XOM: noise
  3989 | D:5      | Killed Pikel
  3990 | D:5      | Reached skill level 4 in Ice Magic
  3990 | D:5      | Gained mutation: You regenerate magic rapidly. [demonic
                  | ancestry]
  3990 | D:5      | Reached XP level 8. HP: 33/58 MP: 8/8
  3991 | D:5      | XOM: 1-stop teleportation journey
  4038 | D:5      | Reached skill level 8 in Polearms
  4126 | D:5      | XOM: give mutations
  4126 | D:5      | Gained mutation: You are vulnerable to heat. (rF-) [Xom's
                  | mischief]
  4126 | D:5      | Gained mutation: You are frail. (-10% HP) [Xom's mischief]
  4126 | D:5      | Gained mutation: You occasionally lose the ability to read
                  | scrolls when taking damage. [Xom's mischief]
  4126 | D:5      | Gained mutation: Armour fits poorly on your strangely
                  | shaped body. [Xom's mischief]
  4130 | D:5      | Reached skill level 5 in Ice Magic
  4234 | D:5      | Found a hazy altar of Hepliaklqana.
  4548 | D:5      | XOM: give mutations
  4548 | D:5      | Gained mutation: You expend magic power (3 MP) to
                  | strengthen your wands. [Xom's grace]
  4548 | D:5      | Gained mutation: You have a pair of small antennae on your
                  | head. [Xom's grace]
  4774 | D:6      | Reached skill level 9 in Polearms
  4866 | D:6      | XOM: 2-stop teleportation journey
  4892 | D:6      | XOM: god gift: bubbling ruby potion {god gift}
  4895 | D:6      | Lost mutation: You are vulnerable to heat. (rF-) [potion of
                  | mutation]
  4895 | D:6      | Lost mutation: You are frail. (-10% HP) [potion of
                  | mutation]
  4895 | D:6      | Gained mutation: You sometimes lose your temper in combat.
                  | [potion of mutation]
  4895 | D:6      | Lost mutation: You have a pair of small antennae on your
                  | head. [potion of mutation]
  4958 | D:6      | XOM: swap monsters
  4960 | D:6      | Gained mutation: When hurt, damage is shared between your
                  | health and your magic reserves. [demonic ancestry]
  4960 | D:6      | Reached XP level 9. HP: 36/63 MP: 9/9
  5116 | D:6      | Found a hide-covered altar of Uskayaw.
  5123 | D:6      | XOM: give mutations
  5123 | D:6      | Gained mutation: Your spells are a little harder to cast,
                  | but a little more powerful. [Xom's mischief]
  5123 | D:6      | Gained mutation: You are clumsy. (Dex -2) [Xom's mischief]
  5127 | D:6      | Reached skill level 6 in Ice Magic
  5202 | D:6      | Found an iron altar of Okawaru.
  5337 | D:6      | XOM: god gift: 19 gold pieces
  5830 | D:7      | XOM: summons 4 hostile demons
  5908 | D:7      | XOM: polymorph steam dragon -> warg
  5914 | D:7      | Reached skill level 10 in Polearms
  5976 | D:7      | Found a staircase to the Ecumenical Temple.
  5992 | D:7      | XOM: swap monsters
  6065 | D:7      | Found a transporter.
  6065 | D:7      | XOM: 2-stop teleportation journey
  6068 | D:7      | Noticed Menkaure
  6079 | D:7      | Killed Menkaure
  6135 | D:7      | Found a transporter.
  6189 | D:7      | Reached skill level 11 in Polearms
  6376 | D:7      | Noticed Prince Ribbit
  6497 | D:7      | Killed Prince Ribbit
  6918 | D:8      | XOM: 5-stop teleportation journey
  6928 | D:8      | Noticed a death yak
  6929 | D:8      | Noticed a death yak
  6936 | D:8      | Noticed a death yak
  6942 | D:8      | Killed a death yak
  6943 | D:8      | Reached skill level 12 in Polearms
  6943 | D:8      | Gained mutation: You are mostly covered in razor-sharp
                  | scales. (AC +2, Slay +2) [demonic ancestry]
  6943 | D:8      | Reached XP level 10. HP: 36/70 MP: 4/10
  6945 | D:8      | XOM: scenery: create altars
  7151 | D:8      | Found a radiant altar of Vehumet.
  7402 | D:8      | Learned a level 3 spell: Frozen Ramparts
  7472 | D:8      | XOM: enchant monster (good)
  7474 | D:8      | XOM: butterfly on damage
  7479 | D:8      | XOM: enchant monster (good)
  7480 | D:8      | XOM: smoke on damage
  7481 | D:8      | Slain by a death yak

Vanquished Creatures
  A death yak (D:8)
  Pikel (D:5)
  A troll (D:8)
  Prince Ribbit (D:7)
  A shadow (D:5)
  2 steam dragons
  A warg (D:7)
  Menkaure (D:7)
  2 water moccasins
  An ice beast (D:8)
  2 black bears
  A sky beast (D:8)
  3 centaurs
  An ogre (D:5)
  A kobold brigand (D:5)
  2 scorpions
  A necrophage (D:5)
  3 wights (D:7)
  6 killer bees (D:7)
  An electric eel (D:6)
  4 howler monkeys
  3 hounds
  3 jellies
  2 orc priests (D:5)
  Terence (D:3)
  An iguana (D:6)
  Natasha (twice) (D:3)
  3 orc wizards
  7 gnolls
  5 adders
  A white imp (D:6)
  A worm (D:3)
  A dart slug (D:2)
  17 orcs
  4 ball pythons
  4 bats
  9 endoplasms
  A giant cockroach (D:4)
  14 goblins
  7 hobgoblins
  9 jackals
  6 quokkas
  3 frilled lizards
  10 kobolds
  2 rats
153 creatures vanquished.

Vanquished Creatures (collateral kills)
  Natasha (D:3)
  2 orc wizards (D:4)
  A gnoll (D:3)
  An adder (D:4)
  An endoplasm (D:3)
  A giant cockroach (D:3)
  A ball python (D:4)
8 creatures vanquished.

Vanquished Creatures (others)
  A hobgoblin (D:3)
1 creature vanquished.

Grand Total: 162 creatures vanquished

Table legend: (Time is in decaauts)
 A = Elapsed time spent in this place.
 B = Non-inter-level travel time spent in this place.
 C = Inter-level travel time spent in this place.
 D = Time resting spent in this place.
 E = Time spent auto-exploring this place.
 F = Levels seen in this place.
 G = Mean time per level.
                   A        B        C        D        E       F      G
               +--------+--------+--------+--------+--------+-----+--------+
         Total |   7513 |   7063 |    450 |    740 |   5102 |   8 |  939.1 |
       Dungeon |   7513 |   7063 |    450 |    740 |   5102 |   8 |  939.1 |
               +--------+--------+--------+--------+--------+-----+--------+

Top non-repeatable levels by time:
     D:7: 1287 daAuts
     D:4: 1048 daAuts
     D:5: 989 daAuts
     D:2: 980 daAuts
     D:1: 959 daAuts
     D:6: 832 daAuts
     D:3: 720 daAuts
     D:8: 694 daAuts

Table legend:
 A = Non-vault XP
 B = Vault XP
 C = Vault XP percentage of total XP
 D = Non-vault monster count
 E = Vault monster count
 F = Vault count percentage of total count
                 A         B        C        D         E       F
            +---------+---------+-------+---------+---------+-------
      Total |    4037 |    2507 |  38.3 |     136 |      25 |  15.5
            +---------+---------+-------+---------+---------+-------
        D:1 |      17 |       0 |   0.0 |      10 |       0 |   0.0
        D:2 |      49 |       9 |  15.5 |      15 |       5 |  25.0
        D:3 |     165 |      89 |  35.0 |      19 |      11 |  36.7
        D:4 |     353 |       0 |   0.0 |      26 |       0 |   0.0
        D:5 |     524 |    1149 |  68.7 |      18 |       4 |  18.2
        D:6 |     670 |       0 |   0.0 |      21 |       0 |   0.0
        D:7 |    1501 |     436 |  22.5 |      20 |       2 |   9.1
        D:8 |     758 |     824 |  52.1 |       7 |       3 |  30.0
            +---------+---------+-------+---------+---------+-------
